 Dungeon Crawl Stone Soup version 0.17.0-23-g0de4337 (webtiles) character file.

67 EuServersOMG the Slasher (level 3, -2/29 HPs)
             Began as a Demonspawn Chaos Knight on Nov 14, 2015.
             Slain by Natasha (7 damage)
             ... on level 2 of the Dungeon.
             The game lasted 00:04:10 (994 turns).

EuServersOMG the Slasher (Demonspawn Chaos Knight)   Turns: 994, Time: 00:04:10

Health: -2/29      AC:  6    Str: 12    XL:     3   Next: 98%
Magic:  0/3        EV: 11    Int: 13    God:    Xom [..*...]
Gold:   29         SH:  0    Dex: 13    Spells: 0 memorised, 2 levels left

rFire  . . .     SeeInvis .     a - +0 falchion (chaos)
rCold  . . .     Clarity  .     b - +2 leather armour
rNeg   . . .     SustAt   .     (no shield)
rPois  .         Gourm    .     (no helmet)
rElec  .         Spirit   +     (no cloak)
rCorr  .         Warding  .     (no gloves)
rMut   .         Stasis   .     (no boots)
MR     +....                    (no amulet)
Stlth  +.........               (no ring)
                                d - ring of protection from magic

@: somewhat resistant to hostile enchantments, very unstealthy
A: icy blue scales 1, magic shield
a: Renounce Religion


You were on level 2 of the Dungeon.
You worshipped Xom.
You were a toy of Xom.
You were hungry.

You visited 1 branch of the dungeon, and saw 3 of its levels.

You collected 29 gold pieces.

Inventory:

Hand Weapons
 a - a +0 falchion of chaos (weapon)
Armour
 b - a +2 leather armour (worn)
Jewellery
 d - a ring of protection from magic (left hand)
 o - a cursed ring of teleportation {unknown}
Wands
 j - a wand of enslavement (15)
Scrolls
 e - 3 scrolls of remove curse {unknown}
 g - 3 scrolls of identify {unknown}
 h - a scroll of fog {unknown}
 k - 2 scrolls of random uselessness {unknown}
 l - a scroll of noise {unknown}
 n - a scroll of recharging {unknown}
Potions
 f - a potion of curing {unknown}
 i - a potion of heal wounds {unknown}
 m - a potion of ambrosia {unknown}
Comestibles
 c - a bread ration


   Skills:
 - Level 3.0 Fighting
 + Level 4.4 Long Blades
 - Level 1.7 Armour
 - Level 0.8 Dodging


You had 2 spell levels left.
You didn't know any spells.

Dungeon Overview and Level Annotations

Branches:
Dungeon (3/15)

Altars:
Dithmenos
Fedhas

Annotations:
D:2 Natasha, Sigmund


Innate Abilities, Weirdness & Mutations

You are partially covered in icy blue scales (AC +1).
When hurt, damage is shared between your health and your magic reserves.


Message History

You closely miss Natasha. Natasha claws you.
You hit Natasha.
Natasha seems to speed up.
Xom is highly amused!
Natasha is moderately wounded.
Natasha closely misses you.
You closely miss Natasha.
Natasha is moderately wounded.
Natasha howls an incantation.
You feel disoriented. Natasha claws you! Natasha claws you.
* * * LOW HITPOINT WARNING * * *
You hit Natasha.
Natasha is heavily wounded.
Natasha casts a spell.
Natasha stares at thin air and mumbles some strange words.
A cloud of flames roars to life!
You hit Natasha.
Natasha is poisoned.
Natasha is almost dead.
Natasha claws you!
You die...

#........#####....#
#........# #....# .
#........# #....#
##
........########.#
..
######.........#.#
#.
#.#######.#.#####.
#§# #.#.....#. #.#
#.#....... #@#
#.#.....## #h#
#......... #.#
#..†##.#.. #5#
#.......<.
..#######....#.#..
###...............
#.######........
#........#......
#..##########...


You could see Natasha and a white imp.

Vanquished Creatures
  Ijyb (D:2)
  2 adders (D:2)
  2 bats (D:1)
  A giant cockroach (D:2)
  3 hobgoblins (D:2)
  2 jackals (D:1)
  6 kobolds
  A giant gecko (D:2)
  4 goblins
  A rat (D:1)
23 creatures vanquished.

Notes
Turn   | Place    | Note
--------------------------------------------------------------
     0 | D:1      | EuServersOMG the Demonspawn Chaos Knight began the quest for the Orb.
     0 | D:1      | Reached XP level 1. HP: 18/18 MP: 1/1
   130 | D:1      | XOM: divination: detect items
   135 | D:1      | XOM: divination: detect creatures
   284 | D:1      | Gained mutation: You are partially covered in icy blue scales (AC +1). [demonic ancestry]
   284 | D:1      | Reached XP level 2. HP: 18/24 MP: 2/2
   295 | D:1      | XOM: mild Fire miscast
   558 | D:2      | Found a blossoming altar of Fedhas.
   591 | D:2      | XOM: potion effect (invisibility)
   599 | D:2      | Gained mutation: When hurt, damage is shared between your health and your magic reserves. [demonic ancestry]
   599 | D:2      | Reached XP level 3. HP: 29/29 MP: 3/3
   664 | D:2      | XOM: divination: magic mapping
   739 | D:2      | Noticed Sigmund
   873 | D:2      | Noticed Ijyb
   877 | D:2      | XOM: potion effect (berserk rage)
   889 | D:2      | Killed Ijyb
   889 | D:2      | Reached skill level 4 in Long Blades
   917 | D:3      | Found a shadowy altar of Dithmenos.
   983 | D:2      | Noticed Natasha
   994 | D:2      | Slain by Natasha

Action                   || total
-------------------------++-------
Melee: Falchion          ||   106
 Stab: Invisible         ||     1
  Eat: Chunk             ||     1
